 Dungeon Crawl Stone Soup version 0.29-a0-6-ga859fcf985 (webtiles) character file.

Game seed: 7034242844599971879

996 Grim the Basher (level 8, -5/58 HPs)
             Began as a Formicid Fighter on Jan 27, 2022.
             Was a Follower of the Shining One.
             Slain by a troll (8 damage)
             ... on level 6 of the Dungeon.
             The game lasted 00:09:41 (6011 turns).

Grim the Basher (Formicid Fighter)                  Turns: 6011, Time: 00:09:41

Health: -5/58      AC:  9    Str: 21    XL:     8   Next: 42%
Magic:  8/8        EV:  7    Int: 10    God:    the Shining One [*.....]
Gold:   176        SH:  4    Dex: 10    Spells: 7/7 levels left

rFire   . . .      SeeInvis +   k - +4 whip
rCold   . . .      Faith    .   c - +0 buckler
rNeg    . . .      Spirit   .   m - +0 chain mail
rPois   .          Reflect  .   (helmet unavailable)
rElec   .          Harm     .   (no cloak)
rCorr   .          Rampage  .   (no gloves)
Will    .....                   (no boots)
Stlth   ..........              (no amulet)
HPRegen 0.19/turn               (no ring)
MPRegen 0.11/turn               (no ring)

@: glowing
A: permanent stasis, dig shafts and tunnels, antennae 3, four strong arms
a: Dig, Shaft Self, Renounce Religion, Divine Shield


You were on level 6 of the Dungeon.
You worshipped the Shining One.
The Shining One was aware of your devotion.
You visited 1 branch of the dungeon, and saw 5 of its levels.
You also visited: Sewer.

You collected 176 gold pieces.

Inventory:

Hand Weapons
 a - a +0 flail
 k - a +4 whip (weapon)
Missiles
 e - 194 stones
 p - 17 poisoned darts (quivered)
 s - 5 boomerangs
Armour
 b - a +0 scale mail
 c - a +0 buckler (worn)
 m - a +0 chain mail (worn)
Wands
 n - a wand of flame (10)
 B - a wand of iceblast (8)
Scrolls
 g - 4 scrolls of identify {unknown}
 i - 5 scrolls of teleportation {unknown}
 j - 3 scrolls of vulnerability {unknown}
 o - a scroll of enchant armour {unknown}
 r - a scroll of immolation {unknown}
 u - a scroll of holy word {unknown}
 x - a scroll of amnesia {unknown}
 y - a scroll of blinking {unknown}
Potions
 d - a potion of might
 f - a potion of flight {unknown}
 h - 2 potions of invisibility {unknown}
 l - 6 potions of curing {unknown}
 q - 3 potions of mutation {unknown}
 t - 3 potions of heal wounds
 v - 3 potions of haste {unknown}
 z - a potion of magic {unknown}
 A - a potion of ambrosia {unknown}


   Skills:
 - Level 3.2 Fighting
 + Level 9.5 Maces & Flails
 - Level 3.2 Armour
 - Level 3.6 Shields


You had 7 spell levels left.
You didn't know any spells.
Your spell library contained the following spells:

 Spells                   Type           Power      Damage    Failure   Level
 Ignite Poison            Fire/Tmut/Pois 0%         N/A       100%        3
 Mephitic Cloud           Conj/Pois/Air  0%         N/A       100%        3
 Freezing Cloud           Conj/Ice/Air   0%         6-21      100%        5


Dungeon Overview and Level Annotations

Branches:
Dungeon (4/15)              Sewer (visited)
 Temple: D:4-7

Altars:
Dithmenos
Elyvilon
Gozag
Okawaru
Qazlal
Uskayaw
The Shining One


Innate Abilities, Weirdness & Mutations

You cannot be hasted, slowed, berserked, paralysed or teleported.
You can dig through walls and to a lower floor.
You have a pair of large antennae on your head. (SInv)
Your four strong arms can wield two-handed weapons with a shield.


Message History

You hit the troll but do no damage.
The troll is moderately wounded.
The troll bites you. The troll claws you.
The troll claws you but does no damage.
You hit the troll but do no damage.
The troll is moderately wounded.
You hit the troll.
The troll is heavily wounded.
The troll barely misses you. The troll claws you. The troll claws you!
You hit the troll.
The troll is heavily wounded.
The troll closely misses you. The troll claws you but does no damage.
The troll claws you!
* * * LOW HITPOINT WARNING * * *
You hit the troll.
The troll is heavily wounded.
You whack the troll!
The troll is severely wounded.
The troll looks more healthy.
The troll bites you!
* * * LOW HITPOINT WARNING * * *
The troll claws you but does no damage. x2
You whack the troll!
The troll is almost dead.
The troll closely misses you. The troll claws you but does no damage.
The troll closely misses you.
You completely miss the troll.
The troll is almost dead.
You hit the troll but do no damage.
The troll is almost dead.
The troll bites you!
* * * LOW HITPOINT WARNING * * *
You block the troll's attack. The troll claws you!
* * * LOW HITPOINT WARNING * * *
Unknown command.
You barely miss the troll.
The troll is almost dead.
You hit the troll.
The troll is almost dead.
The troll bites you but does no damage. The troll claws you!
You die...

o.#{..#............###..........#
#.#.###......#..## #......####.
.. #. ##......>## ##......# #. ##
#. ##.....## #....### #. ..
###...## ##....# #. .8 .((...#
#....## ## .. #....## #....# #
#.....## ##....# #...T@.###....##
#.....#....###.# #....###.### #.#
#...# #.# #.# #...# #.# #.# #..#
..# #. ##. ### #


You could see a troll.

Vanquished Creatures
  A water moccasin (D:6)
  3 kobold brigands (Sewer)
  Blork the orc (D:6)
  5 killer bees (D:4)
  Natasha (thrice) (D:2)
  Terence (D:3)
  An iguana (D:6)
  An orc wizard (D:4)
  A hound skeleton (D:2)
  6 adders
  5 river rats (Sewer)
  A shadow imp (D:6)
  2 worms (D:4)
  A dart slug (D:4)
  12 orcs
  11 ball pythons
  9 endoplasms
  5 giant cockroaches
  2 goblins
  5 hobgoblins
  3 quokkas
  A bat (D:3)
  2 frilled lizards
  21 kobolds
  24 rats
127 creatures vanquished.

Vanquished Creatures (others)
  6 plants (D:6)
6 creatures vanquished.

Grand Total: 133 creatures vanquished

Notes
Turn   | Place    | Note
-------+----------+-------------------------------------------
     0 | D:1      | Grim the Formicid Fighter began the quest for the Orb.
     0 | D:1      | Reached XP level 1. HP: 18/18 MP: 1/1
   130 | D:1      | Found a faded altar of an unknown god.
   132 | D:1      | Noticed a floating eye
   132 | D:1      | Noticed a golden eye
   138 | D:1      | Noticed a golden eye
   278 | D:1      | Reached XP level 2. HP: 18/24 MP: 2/2
   425 | D:1      | Noticed a floating eye
   549 | D:1      | Reached skill level 3 in Maces & Flails
   713 | D:2      | Found a stormy altar of Qazlal.
   767 | D:2      | Reached XP level 3. HP: 23/29 MP: 3/3
  1262 | D:2      | Reached skill level 4 in Maces & Flails
  1262 | D:2      | Reached XP level 4. HP: 13/35 MP: 4/4
  1847 | D:2      | Noticed Natasha
  1867 | D:2      | Killed Natasha
  2118 | D:2      | Noticed Natasha
  2128 | D:2      | Killed Natasha
  2129 | D:2      | Reached XP level 5. HP: 22/41 MP: 5/5
  2146 | D:2      | Noticed Natasha
  2289 | D:2      | Killed Natasha
  2290 | D:2      | Reached skill level 5 in Maces & Flails
  2499 | D:3      | Found an iron altar of Okawaru.
  2546 | D:3      | Noticed Terence
  2554 | D:3      | Killed Terence
  2931 | D:3      | Found an opulent altar of Gozag.
  3195 | D:4      | Reached XP level 6. HP: 40/47 MP: 6/6
  3199 | D:4      | Found a hide-covered altar of Uskayaw.
  3203 | D:4      | Found a shadowy altar of Dithmenos.
  3209 | D:4      | Found a glowing golden altar of the Shining One.
  3213 | D:4      | Became a worshipper of the Shining One
  3241 | D:4      | Found a stormy altar of Qazlal.
  3277 | D:4      | Found a glowing drain.
  3319 | D:4      | Reached skill level 6 in Maces & Flails
  3476 | Sewer    | Entered a sewer
  3923 | Sewer    | Reached * piety under the Shining One
  4095 | Sewer    | Reached skill level 7 in Maces & Flails
  4095 | Sewer    | Reached XP level 7. HP: 45/52 MP: 7/7
  4542 | D:4      | Reached skill level 8 in Maces & Flails
  4649 | D:4      | Reached XP level 8. HP: 33/58 MP: 8/8
  5346 | D:4      | Found a white marble altar of Elyvilon.
  5388 | D:4      | You fall into a shaft and drop 2 floors!
  5415 | D:6      | Noticed Blork the orc
  5429 | D:6      | Killed Blork the orc
  5430 | D:6      | Reached skill level 9 in Maces & Flails
  5555 | D:6      | Identified the +1 ring mail of Kiceowas {Str+4}
  5995 | D:6      | Noticed a troll
  6011 | D:6      | Slain by a troll

Illustrated notes

Levels and vault maps discovered:
D:1:      lemuel_arrival_broad_hall, layout_loops_ring,
          hellmonk_ecumenical_altar_watching_god
D:2:      layout_loops_cross, basic_altar, serial_glass, glass_columns_b,
          glass_columns_a, glass_columns_c, glass_columns_c, uniq_natasha
D:3:      layout_rooms, grunt_gozag_breadcrumbs, okawaru_trees_1, uniq_terence
D:4:      layout_basic, mainiacjoe_overflow_small_starburst,
          grunt_temple_overflow_cloverleaf, gup_sewer_entry_glass,
          kennysheep_generic_room_13
D:6:      layout_layer_cave, minmay_temple_entry_overgrown,
          hangedman_decor_growths, roderic_lattice_a, grunt_ministairs_15,
          uniq_duvessa, uniq_blork_the_orc, uniq_menkaure

Skill      XL: |  1  2  3  4  5  6  7  8 |
---------------+-------------------------+-----
Maces & Flails | 3 4 5 7 8 9 |  9.5
Fighting       | |  3.2
Armour         | |  3.2
Shields        | |  3.6

Action                   |  1- 3 |  4- 6 |  7- 9 || total
-------------------------+-------+-------+-------++-------
Melee: Flail             |    62 |       |       ||    62
       Whip              |    10 |   248 |   100 ||   358
Throw: Stone             |     4 |       |       ||     4
       Dart              |       |    14 |    19 ||    33
       Boomerang         |       |       |     1 ||     1
Evoke: Wand              |       |       |     1 ||     1
Armor: Scale mail        |    25 |       |       ||    25
       Chain mail        |       |    74 |    45 ||   119
Dodge: Dodged            |    34 |    57 |    25 ||   116
Block: Buckler           |     9 |    36 |    17 ||    62

Table legend: (Time is in decaauts)
 A = Elapsed time spent in this place.
 B = Non-inter-level travel time spent in this place.
 C = Inter-level travel time spent in this place.
 D = Time resting spent in this place.
 E = Time spent auto-exploring this place.
 F = Levels seen in this place.
 G = Mean time per level.
                   A        B        C        D        E       F      G
               +--------+--------+--------+--------+--------+-----+--------+
         Total |   5974 |   5901 |     73 |   1848 |   3044 |   6 |  995.7 |
       Dungeon |   4978 |   4905 |     73 |   1703 |   2444 |   5 |  995.6 |
         Sewer |    996 |    996 |      0 |    145 |    600 |   1 |  996.0 |
               +--------+--------+--------+--------+--------+-----+--------+

Top non-repeatable levels by time:
     D:2: 1645 daAuts
     D:4: 1289 daAuts
   Sewer: 996 daAuts
     D:1: 846 daAuts
     D:6: 608 daAuts
     D:3: 588 daAuts
